 Dungeon Crawl Stone Soup version 0.18-a0-1121-gb454403 (webtiles) character file.

148 st0uf the Ruffian (level 5, -11/61 HPs)
             Began as a Draconian Transmuter on Jan 18, 2016.
             Killed by divine providence
             ... invoked by an orc priest
              (14 damage)
             ... on level 4 of the Dungeon.
             The game lasted 00:13:51 (1946 turns).

st0uf the Ruffian (Draconian Transmuter)            Turns: 1946, Time: 00:13:51

Health: -11/61     AC: 25    Str: 13    XL:     5   Next: 8%
Magic:  8/8        EV:  2    Int: 14    God:
Gold:   69         SH:  0    Dex: 11    Spells: 3 memorised, 2 levels left

rFire  . . .     SeeInvis .       - Unarmed
rCold  . . .     Gourm    .     (armour unavailable)
rNeg   + + +     Faith    .     (no shield)
rPois  +         Spirit   .     (helmet currently unavailable)
rElec  .         Dismiss  .     (cloak currently unavailable)
rCorr  .         Reflect  .     (gloves currently unavailable)
SustAt .         Harm     .     (boots currently unavailable)
MR     .....     NoTele   +     t - amulet of regeneration
Stlth  +.........               (no ring)
                                j - +3 ring of protection

@: lethally poisoned (-11 -> -11), tree-form (expiring), very slightly
contaminated, not resistant to hostile enchantments, very unstealthy
A: unfitting armour, (cold-blooded), AC +5
a: no special abilities


You were on level 4 of the Dungeon.
You were not hungry.
You were a tree.
You visited 1 branch of the dungeon, and saw 5 of its levels.

You collected 69 gold pieces.

Inventory:

Missiles
 a - 7 arrows
 l - 12 arrows of dispersal
Jewellery
 j - a +3 ring of protection (left branch)
 t - an amulet of regeneration (around neck)
Wands
 e - a wand of frost (36/48)
Scrolls
 f - 2 scrolls of recharging
 k - 2 scrolls of identify
 q - a scroll of remove curse
Books
 b - a book of Changes

   Spells                             Type                      Level
   a - Beastly Appendage              Transmutation                1
   b - Sticks to Snakes               Transmutation                2
   c - Spider Form                    Transmutation/Poison         3
   d - Ice Form                       Ice/Transmutation            4
   e - Blade Hands                    Transmutation                5
Comestibles
 c - a bread ration
 i - a meat ration
 n - 5 chunks of flesh
 s - a beef jerky


   Skills:
 + Level 2.0 Fighting
 + Level 2.3 Dodging
 * Level 4.4 Unarmed Combat
 + Level 2.3 Spellcasting
 * Level 2.9 Transmutations


You had 2 spell levels left.
You knew the following spells:

 Your Spells              Type           Power        Failure   Level  Hunger
a - Beastly Appendage     Trmt           #.....       10%         1    #......
b - Sticks to Snakes      Trmt           #.......     12%         2    ###....
c - Spider Form           Trmt/Pois      #.........   38%         3    ###....


Dungeon Overview and Level Annotations

Branches:
Dungeon (5/15)
 Temple: D:4-7

Altars:
Gozag

Annotations:
D:1 exclusion: downstairs
D:2 Terence
D:4 Sigmund


Innate Abilities, Weirdness & Mutations

((Your plain brown scales are hard (AC +5).))
Your body does not fit into most forms of armour.
((You are cold-blooded and may be slowed by cold attacks.))


Message History

The gnoll hits you from afar with a halberd.
* * * LOW HITPOINT WARNING * * *
The worker ant bites you but does no damage.
Sigmund casts a spell at you. You resist with some effort.
You barely miss Sigmund.
Sigmund is severely wounded.
The gnoll hits you but does no damage. The worker ant bites you.
* * * LOW HITPOINT WARNING * * *
The orc priest calls down the wrath of Beogh upon you.
Something smites you!
* * * LOW HITPOINT WARNING * * *
Sigmund hits you but does no damage.
Drink which item? (? for menu, Esc to quit)
It was a potion of cure mutation.
It has a very clean taste.
The gnoll hits you but does no damage.
The worker ant bites you but does no damage.
The orc priest calls down the wrath of Beogh upon you.
Something smites you!
You die...

## .. ########## .#
........#
#####.##.##.##..[...
#ga♣@o.........#<..@
#g###o##.##.........
#.# o# #..#####...
#g# .. ... #.# (. .
... #.# ... #.# ...


You could see Sigmund, a gnoll shaman, a worker ant, an orc priest, a gnoll and
2 orcs.

Vanquished Creatures
  2 worker ants (D:4)
  2 gnolls (D:4)
  3 adders
  An ooze (D:1)
  2 worms
  An orc (D:3)
  A bat (D:1)
  2 giant cockroaches
  3 goblins (D:1)
  3 hobgoblins
  3 jackals (D:3)
  3 giant newts
  2 kobolds (D:2)
  4 rats
32 creatures vanquished.

Vanquished Creatures (collateral kills)
  A hound (D:5)
  An orc (D:4)
2 creatures vanquished.

Grand Total: 34 creatures vanquished

Notes
Turn   | Place    | Note
--------------------------------------------------------------
     0 | D:1      | st0uf the Draconian Transmuter began the quest for the Orb.
     0 | D:1      | Reached XP level 1. HP: 16/16 MP: 3/3
    83 | D:2      | Noticed Terence
   350 | D:1      | Reached XP level 2. HP: 21/23 MP: 3/5
   986 | D:4      | Noticed Sigmund
   987 | D:4      | Noticed an ice beast
  1024 | D:3      | Reached XP level 3. HP: 23/28 MP: 6/6
  1092 | D:3      | Reached skill level 4 in Unarmed Combat
  1134 | D:3      | Learned a level 2 spell: Sticks to Snakes
  1138 | D:3      | Learned a level 3 spell: Spider Form
  1323 | D:4      | Reached XP level 4. HP: 8/36 MP: 1/7
  1564 | D:4      | Found an opulent altar of Gozag.
  1771 | D:5      | Entered Level 5 of the Dungeon
  1819 | D:4      | Reached XP level 5. HP: 29/41 MP: 0/8
  1897 | D:4      | HP: 1/41 [gnoll/flail (2)]
  1922 | D:4      | HP: 1/41 [worker ant (3)]
  1945 | D:4      | HP: 3/61 [orc priest/divine providence (11)]
  1946 | D:4      | Killed from afar by an orc priest

Vault maps used:
D:1:      tarquinn_simple_flora_water_d, serial_corexii_hall,
          corexii_hall_statues_u, corexii_hall_statues_i
D:2:      fedhas_altar_fruit_tree, uniq_terence
D:3:      roderic_batcave, saegor_snake_ambush
D:4:      nicolae_gozag_seed_capital, uniq_crazy_yiuf_cottage, uniq_sigmund
D:5:      gammafunk_temple_overflow_statue, first_bread, st_stairs_9,
          okawaru_gym_becter

Action                   |  1- 3 |  4- 6 || total
-------------------------+-------+-------++-------
Melee: Unarmed           |   123 |    47 ||   170
 Cast: Beastly Appendage |    19 |     4 ||    23
       Sticks to Snakes  |     1 |     4 ||     5
Evoke: Wand              |       |     1 ||     1
  Use: Scroll            |       |     7 ||     7
       Potion            |       |     3 ||     3
  Eat: Chunk             |     2 |     3 ||     5
